3107 views
Uploaded 2020-01-21 22:44:12
Game version 1.32.0.6
32:40 long 4on4 ladder game on (8)Sanctuary_LV
Saved by ChuckleMan
3107 views
Uploaded 2020-01-21 22:44:12
Game version 1.32.0.6
32:40 long 4on4 ladder game on (8)Sanctuary_LV


185 units @ 32.8k
/ 5.3k
305 buildings @ 18.2k
/ 9k



| Lesser Clarity Potion | 8 | 560 |
| Scroll of Regeneration | 6 | 600 |
| Ivory Tower | 4 | 160 |
| Staff of Sanctuary | 3 | 750 |
| Orb of Fire | 1 | 325 |
| Scroll of Town Portal | 2 | 700 |
| Boots of Speed | 3 | 750 |
| Staff of Teleportation | 3 | 450 |
| Potion of Invisibility | 2 | 200 |
| Healing Salve | 2 | 200 |
| total: | 34 | 4695g |
| Peasant | 24 | 1800 | / | 0 |
| Goblin Shredder | 2 | 750 | / | 200 |
| Goblin Zeppelin | 1 | 240 | / | 60 |
| Goblin Sapper | 4 | 860 | / | 400 |
| total: | 31 | 3650g | / | 660w |
| Scout Tower | 217 | 6510 | / | 4340 |
| Guard Tower | 40 | 2800 | / | 2000 |
| Arcane Tower | 1 | 70 | / | 50 |
| Altar of Kings | 1 | 180 | / | 50 |
| Farm | 6 | 480 | / | 120 |
| Lumber Mill | 6 | 720 | / | 0 |
| Arcane Vault | 3 | 390 | / | 90 |
| Town Hall | 7 | 2695 | / | 1435 |
| Blacksmith | 1 | 140 | / | 60 |
| Arcane Sanctum | 1 | 150 | / | 140 |
| Keep | 1 | 320 | / | 210 |
| Castle | 1 | 360 | / | 210 |
| total: | 242 | 11265g | / | 6235w |
| 0:04 | Peasant |
| 0:04 | Peasant |
| 0:09 | Altar of Kings |
| 0:12 | Peasant |
| 0:26 | Peasant |
| 0:30 | Farm |
| 0:40 | Peasant |
| 0:46 | Farm |
| 0:51 | Peasant |
| 1:00 | Peasant |
| 1:18 | Lumber Mill |
| 1:21 | Peasant |
| 1:21 | Peasant |
| 1:26 | Farm |
| 1:31 | Farm |
| 1:50 | Peasant |
| 2:04 | Arcane Vault |
| 2:09 | Flame Strike |
| 2:12 | Peasant |
| 2:49 | Peasant |
| 2:50 | Peasant |
| 3:02 | Siphon Mana |
| 3:06 | Keep |
| 3:30 | Lesser Clarity Potion |
| 3:30 | Scroll of Regeneration |
| 4:03 | Town Hall |
| 4:06 | Lumber Mill |
| 4:33 | Lesser Clarity Potion |
| 4:33 | Scroll of Regeneration |
| 4:38 | Improved Masonry |
| 5:01 | Scout Tower |
| 5:12 | Peasant |
| 5:12 | Peasant |
| 5:13 | Peasant |
| 5:28 | Goblin Shredder |
| 5:40 | Scroll of Regeneration |
| 5:43 | Ivory Tower |
| 5:43 | Ivory Tower |
| 5:49 | Scout Tower |
| 5:50 | Scout Tower |
| 5:50 | Scout Tower |
| 5:51 | Scout Tower |
| 6:10 | Guard Tower |
| 6:13 | Improved Lumber Harvesting |
| 6:18 | Advanced Masonry |
| 6:25 | Lesser Clarity Potion |
| 6:25 | Lesser Clarity Potion |
| 6:31 | Castle |
| 6:36 | Guard Tower |
| 7:22 | Flame Strike |
| 7:28 | Scroll of Regeneration |
| 7:30 | Ivory Tower |
| 7:30 | Ivory Tower |
| 7:33 | Scout Tower |
| 7:33 | Scout Tower |
| 7:34 | Scout Tower |
| 7:34 | Scout Tower |
| 7:35 | Scout Tower |
| 7:35 | Scout Tower |
| 7:37 | Scout Tower |
| 7:37 | Scout Tower |
| 7:38 | Scout Tower |
| 7:39 | Scout Tower |
| 7:56 | Guard Tower |
| 8:00 | Guard Tower |
| 8:24 | Guard Tower |
| 8:42 | Scout Tower |
| 8:43 | Scout Tower |
| 8:44 | Scout Tower |
| 8:44 | Scout Tower |
| 8:45 | Scout Tower |
| 8:46 | Scout Tower |
| 9:14 | Blizzard |
| 9:17 | Imbued Masonry |
| 9:17 | Advanced Lumber Harvesting |
| 9:20 | Peasant |
| 9:20 | Peasant |
| 9:22 | Goblin Shredder |
| 9:28 | Guard Tower |
| 9:31 | Healing Salve |
| 9:31 | Healing Salve |
| 9:35 | Lesser Clarity Potion |
| 9:35 | Lesser Clarity Potion |
| 9:50 | Farm |
| 9:51 | Farm |
| 9:54 | Guard Tower |
| 10:11 | Lumber Mill |
| 10:14 | Scout Tower |
| 10:15 | Scout Tower |
| 10:15 | Scout Tower |
| 10:16 | Scout Tower |
| 10:16 | Scout Tower |
| 10:17 | Scout Tower |
| 10:18 | Scout Tower |
| 10:18 | Scout Tower |
| 10:19 | Scout Tower |
| 10:19 | Scout Tower |
| 10:19 | Scout Tower |
| 10:20 | Scout Tower |
| 10:21 | Scout Tower |
| 10:21 | Scout Tower |
| 10:22 | Scout Tower |
| 10:22 | Scout Tower |
| 10:23 | Scout Tower |
| 10:24 | Scout Tower |
| 10:24 | Scout Tower |
| 10:25 | Scout Tower |
| 10:26 | Scout Tower |
| 10:47 | Goblin Zeppelin |
| 10:50 | Arcane Tower |
| 10:56 | Guard Tower |
| 11:07 | Lumber Mill |
| 11:08 | Peasant |
| 11:22 | Town Hall |
| 11:31 | Scout Tower |
| 11:32 | Scout Tower |
| 11:32 | Scout Tower |
| 11:33 | Scout Tower |
| 11:34 | Scout Tower |
| 11:34 | Scout Tower |
| 11:42 | Guard Tower |
| 12:14 | Boots of Speed |
| 12:14 | Staff of Teleportation |
| 12:21 | Rain of Fire |
| 12:40 | Boots of Speed |
| 12:45 | Staff of Teleportation |
| 12:55 | Guard Tower |
| 13:29 | Siphon Mana |
| 13:39 | Scout Tower |
| 13:39 | Scout Tower |
| 13:39 | Scout Tower |
| 13:40 | Scout Tower |
| 13:40 | Scout Tower |
| 13:47 | Scout Tower |
| 13:47 | Scout Tower |
| 13:48 | Scout Tower |
| 13:49 | Scout Tower |
| 13:49 | Scout Tower |
| 13:50 | Scout Tower |
| 13:54 | Brilliance Aura |
| 14:06 | Guard Tower |
| 14:07 | Peasant |
| 14:08 | Peasant |
| 14:08 | Peasant |
| 14:08 | Peasant |
| 14:08 | Peasant |
| 14:15 | Boots of Speed |
| 14:18 | Staff of Teleportation |
| 14:25 | Cleaving Attack |
| 14:29 | Guard Tower |
| 14:38 | Scout Tower |
| 14:38 | Scout Tower |
| 14:39 | Scout Tower |
| 14:39 | Scout Tower |
| 14:39 | Scout Tower |
| 14:40 | Scout Tower |
| 14:41 | Scout Tower |
| 14:41 | Scout Tower |
| 14:42 | Scout Tower |
| 14:43 | Scout Tower |
| 14:44 | Scout Tower |
| 14:45 | Scout Tower |
| 15:34 | Scout Tower |
| 15:35 | Scout Tower |
| 15:45 | Guard Tower |
| 15:47 | Scout Tower |
| 15:48 | Scout Tower |
| 15:48 | Scout Tower |
| 15:49 | Scout Tower |
| 15:49 | Scout Tower |
| 15:50 | Scout Tower |
| 15:50 | Scout Tower |
| 15:50 | Scout Tower |
| 16:15 | Arcane Vault |
| 16:22 | Guard Tower |
| 16:25 | Arcane Sanctum |
| 16:27 | Scout Tower |
| 16:28 | Scout Tower |
| 16:28 | Scout Tower |
| 16:29 | Scout Tower |
| 16:29 | Scout Tower |
| 16:30 | Scout Tower |
| 16:30 | Scout Tower |
| 16:31 | Scout Tower |
| 16:31 | Scout Tower |
| 16:32 | Scout Tower |
| 16:32 | Scout Tower |
| 16:38 | Guard Tower |
| 16:40 | Scout Tower |
| 16:41 | Scout Tower |
| 16:42 | Scout Tower |
| 16:42 | Scout Tower |
| 16:43 | Scout Tower |
| 16:43 | Scout Tower |
| 16:45 | Scout Tower |
| 16:46 | Scout Tower |
| 16:47 | Scout Tower |
| 16:47 | Scout Tower |
| 16:48 | Scout Tower |
| 16:49 | Scout Tower |
| 16:49 | Scout Tower |
| 16:51 | Scout Tower |
| 16:51 | Scout Tower |
| 16:53 | Scout Tower |
| 16:54 | Scout Tower |
| 16:54 | Scout Tower |
| 16:55 | Scout Tower |
| 16:58 | Scout Tower |
| 16:59 | Scout Tower |
| 17:01 | Scout Tower |
| 17:02 | Scout Tower |
| 17:03 | Guard Tower |
| 17:16 | Guard Tower |
| 17:19 | Scout Tower |
| 17:20 | Scout Tower |
| 17:21 | Scout Tower |
| 17:22 | Scout Tower |
| 17:25 | Scout Tower |
| 17:25 | Scout Tower |
| 17:26 | Scout Tower |
| 17:28 | Scout Tower |
| 17:28 | Scout Tower |
| 17:35 | Guard Tower |
| 17:38 | Scout Tower |
| 17:39 | Scout Tower |
| 17:40 | Scout Tower |
| 17:40 | Scout Tower |
| 17:41 | Scout Tower |
| 17:41 | Scout Tower |
| 17:42 | Scout Tower |
| 17:42 | Scout Tower |
| 17:42 | Scout Tower |
| 18:10 | Guard Tower |
| 18:13 | Guard Tower |
| 18:51 | Guard Tower |
| 19:03 | Scroll of Regeneration |
| 19:05 | Staff of Sanctuary |
| 19:07 | Lesser Clarity Potion |
| 19:07 | Scroll of Regeneration |
| 19:15 | Scout Tower |
| 19:25 | Guard Tower |
| 20:03 | Scout Tower |
| 20:03 | Scout Tower |
| 20:04 | Scout Tower |
| 20:04 | Scout Tower |
| 20:05 | Scout Tower |
| 20:06 | Scout Tower |
| 20:07 | Scout Tower |
| 20:07 | Scout Tower |
| 20:09 | Scout Tower |
| 20:10 | Scout Tower |
| 20:11 | Scout Tower |
| 20:11 | Scout Tower |
| 20:13 | Scout Tower |
| 20:15 | Scout Tower |
| 20:16 | Scout Tower |
| 20:16 | Scout Tower |
| 20:17 | Scout Tower |
| 20:18 | Scout Tower |
| 20:19 | Scout Tower |
| 20:27 | Guard Tower |
| 20:28 | Magic Sentry |
| 20:30 | Sorceress Adept Training |
| 20:31 | Priest Adept Training |
| 20:32 | Guard Tower |
| 20:34 | Guard Tower |
| 20:38 | Town Hall |
| 20:50 | Guard Tower |
| 20:59 | Rain of Fire |
| 21:25 | Blizzard |
| 21:51 | Guard Tower |
| 21:54 | Scout Tower |
| 21:55 | Scout Tower |
| 21:56 | Scout Tower |
| 21:56 | Scout Tower |
| 21:56 | Scout Tower |
| 21:57 | Scout Tower |
| 21:57 | Scout Tower |
| 21:58 | Scout Tower |
| 21:58 | Scout Tower |
| 21:59 | Scout Tower |
| 22:00 | Scout Tower |
| 22:00 | Scout Tower |
| 22:16 | Lumber Mill |
| 22:26 | Scroll of Town Portal |
| 22:26 | Staff of Sanctuary |
| 22:27 | Lesser Clarity Potion |
| 22:35 | Guard Tower |
| 23:04 | Guard Tower |
| 23:48 | Scout Tower |
| 23:48 | Scout Tower |
| 23:49 | Scout Tower |
| 23:49 | Scout Tower |
| 23:50 | Scout Tower |
| 23:51 | Scout Tower |
| 23:54 | Potion of Invisibility |
| 23:56 | Scroll of Town Portal |
| 24:10 | Arcane Vault |
| 24:11 | Scout Tower |
| 24:11 | Scout Tower |
| 24:12 | Scout Tower |
| 24:12 | Scout Tower |
| 24:13 | Scout Tower |
| 24:13 | Scout Tower |
| 24:14 | Scout Tower |
| 24:15 | Scout Tower |
| 24:37 | Flame Strike |
| 25:17 | Guard Tower |
| 25:21 | Guard Tower |
| 25:25 | Scout Tower |
| 25:26 | Scout Tower |
| 25:27 | Scout Tower |
| 25:27 | Scout Tower |
| 25:28 | Scout Tower |
| 25:28 | Scout Tower |
| 25:29 | Scout Tower |
| 25:29 | Scout Tower |
| 25:29 | Scout Tower |
| 25:30 | Scout Tower |
| 25:30 | Scout Tower |
| 25:31 | Scout Tower |
| 25:37 | Potion of Invisibility |
| 26:21 | Goblin Sapper |
| 26:21 | Goblin Sapper |
| 26:21 | Goblin Sapper |
| 26:21 | Goblin Sapper |
| 26:54 | Town Hall |
| 27:04 | Lumber Mill |
| 27:24 | Guard Tower |
| 27:26 | Scout Tower |
| 27:27 | Scout Tower |
| 27:28 | Scout Tower |
| 27:28 | Scout Tower |
| 27:29 | Scout Tower |
| 27:29 | Scout Tower |
| 27:30 | Scout Tower |
| 27:31 | Scout Tower |
| 27:31 | Scout Tower |
| 27:32 | Scout Tower |
| 27:33 | Scout Tower |
| 27:33 | Scout Tower |
| 27:34 | Scout Tower |
| 27:34 | Scout Tower |
| 27:35 | Scout Tower |
| 27:35 | Scout Tower |
| 27:36 | Scout Tower |
| 27:37 | Scout Tower |
| 27:37 | Scout Tower |
| 27:38 | Scout Tower |
| 27:38 | Scout Tower |
| 27:39 | Scout Tower |
| 27:47 | Scout Tower |
| 27:48 | Scout Tower |
| 27:48 | Scout Tower |
| 27:49 | Scout Tower |
| 28:13 | Blacksmith |
| 29:38 | Guard Tower |
| 29:48 | Guard Tower |
| 29:53 | Town Hall |
| 29:55 | Guard Tower |
| 30:56 | Guard Tower |
| 31:16 | Staff of Sanctuary |
| 31:17 | Orb of Fire |
| 31:36 | Town Hall |
| 31:40 | Guard Tower |
| 32:17 | Town Hall |
| 32:26 | Guard Tower |
| Right click | 970 |
| Select | 450 |
| Select group | 350 |
| Build/train/purchase | 193 |
| Use ability | 133 |
| Chat | 46 |
| Misc. action | 38 |
| Assign group | 23 |
| Esc | 9 |
| Item give/drop | 8 |
| Minimap ping | 7 |

| Scroll of Regeneration | 2 | 200 |
| total: | 2 | 200g |
| Peasant | 10 | 750 | / | 0 |
| Rifleman | 21 | 4305 | / | 630 |
| Mortar Team | 11 | 1980 | / | 770 |
| Priest | 10 | 1350 | / | 100 |
| total: | 52 | 8385g | / | 1500w |
| Scout Tower | 1 | 30 | / | 20 |
| Arcane Tower | 1 | 70 | / | 50 |
| Altar of Kings | 1 | 180 | / | 50 |
| Farm | 12 | 960 | / | 240 |
| Blacksmith | 1 | 140 | / | 60 |
| Barracks | 1 | 160 | / | 60 |
| Arcane Vault | 1 | 130 | / | 30 |
| Lumber Mill | 1 | 120 | / | 0 |
| Workshop | 1 | 140 | / | 140 |
| Arcane Sanctum | 1 | 150 | / | 140 |
| Keep | 1 | 320 | / | 210 |
| Castle | 1 | 360 | / | 210 |
| total: | 20 | 2010g | / | 740w |
| 0:08 | Altar of Kings |
| 0:11 | Farm |
| 0:13 | Peasant |
| 0:13 | Peasant |
| 0:13 | Peasant |
| 0:44 | Peasant |
| 1:06 | Blacksmith |
| 1:13 | Barracks |
| 1:20 | Peasant |
| 1:29 | Farm |
| 1:35 | Peasant |
| 1:48 | Scout Tower |
| 2:18 | Peasant |
| 2:18 | Peasant |
| 2:26 | Arcane Tower |
| 2:34 | Storm Bolt |
| 2:40 | Rifleman |
| 2:40 | Rifleman |
| 3:01 | Farm |
| 3:31 | Rifleman |
| 3:51 | Rifleman |
| 3:56 | Farm |
| 3:57 | Farm |
| 4:39 | Rifleman |
| 4:42 | Black Gunpowder |
| 4:42 | Studded Leather Armor |
| 4:54 | Keep |
| 5:13 | Rifleman |
| 5:26 | Arcane Vault |
| 6:02 | Bash |
| 6:17 | Lumber Mill |
| 6:33 | Rifleman |
| 6:39 | Scroll of Regeneration |
| 7:42 | Long Rifles |
| 7:42 | Rifleman |
| 7:49 | Workshop |
| 7:52 | Arcane Sanctum |
| 7:57 | Farm |
| 7:58 | Farm |
| 7:59 | Farm |
| 8:03 | Scroll of Regeneration |
| 8:16 | Refined Gunpowder |
| 9:14 | Mortar Team |
| 9:15 | Mortar Team |
| 9:16 | Flare |
| 9:19 | Mortar Team |
| 9:19 | Mortar Team |
| 9:21 | Priest Adept Training |
| 9:21 | Priest |
| 9:23 | Peasant |
| 9:23 | Peasant |
| 9:39 | Rifleman |
| 10:02 | Farm |
| 10:03 | Farm |
| 10:32 | Priest |
| 10:56 | Storm Bolt |
| 11:19 | Mortar Team |
| 11:28 | Farm |
| 11:29 | Farm |
| 11:32 | Reinforced Leather Armor |
| 12:20 | Rifleman |
| 12:22 | Mortar Team |
| 12:24 | Priest |
| 13:37 | Rifleman |
| 13:37 | Rifleman |
| 14:22 | Castle |
| 14:51 | Rifleman |
| 14:52 | Priest |
| 15:49 | Rifleman |
| 15:51 | Mortar Team |
| 15:53 | Priest |
| 16:47 | Bash |
| 17:01 | Fragmentation Shards |
| 17:01 | Mortar Team |
| 17:04 | Priest Master Training |
| 17:05 | Priest |
| 18:35 | Rifleman |
| 18:35 | Rifleman |
| 20:19 | Priest |
| 20:20 | Mortar Team |
| 22:09 | Storm Bolt |
| 22:28 | Rifleman |
| 22:28 | Rifleman |
| 22:28 | Rifleman |
| 22:30 | Mortar Team |
| 22:32 | Priest |
| 22:32 | Priest |
| 22:39 | Imbued Gunpowder |
| 23:15 | Rifleman |
| 23:18 | Barrage |
| 23:48 | Improved Lumber Harvesting |
| 24:50 | Dragonhide Armor |
| 25:53 | Avatar |
| 26:19 | Rifleman |
| 26:25 | Mortar Team |
| 26:27 | Priest |
| 29:15 | Bash |
| 29:46 | Thunder Clap |
| Right click | 665 |
| Select group | 513 |
| Select | 243 |
| Build/train/purchase | 92 |
| Assign group | 36 |
| Misc. action | 33 |
| Use ability | 31 |
| Item give/drop | 3 |
| Remove unit | 2 |
| Esc | 1 |



| Healing Salve | 5 | 500 |
| Orb of Fire | 1 | 325 |
| Scroll of Regeneration | 1 | 100 |
| total: | 7 | 925g |
| Peon | 4 | 300 | / | 0 |
| Grunt | 14 | 2800 | / | 0 |
| Troll Headhunter | 3 | 420 | / | 60 |
| Wind Rider | 14 | 3710 | / | 560 |
| Raider | 5 | 900 | / | 200 |
| Tauren | 5 | 1400 | / | 400 |
| total: | 45 | 9530g | / | 1220w |
| Altar of Storms | 1 | 180 | / | 50 |
| Orc Burrow | 7 | 1120 | / | 280 |
| Barracks | 1 | 180 | / | 50 |
| War Mill | 1 | 205 | / | 0 |
| Voodoo Lounge | 1 | 130 | / | 30 |
| Beastiary | 1 | 145 | / | 140 |
| Tauren Totem | 1 | 135 | / | 155 |
| Stronghold | 1 | 315 | / | 190 |
| Fortress | 1 | 325 | / | 190 |
| total: | 13 | 2095g | / | 705w |
| 0:07 | Altar of Storms |
| 0:09 | Orc Burrow |
| 0:11 | Peon |
| 0:11 | Peon |
| 0:43 | Barracks |
| 1:46 | Grunt |
| 1:46 | Grunt |
| 2:03 | War Mill |
| 2:06 | Grunt |
| 2:12 | Endurance Aura |
| 2:32 | Peon |
| 2:33 | Peon |
| 2:41 | Orc Burrow |
| 3:41 | Troll Headhunter |
| 3:41 | Troll Headhunter |
| 4:01 | Voodoo Lounge |
| 4:13 | Grunt |
| 5:10 | War Stomp |
| 5:14 | Stronghold |
| 5:16 | Troll Headhunter |
| 5:28 | Steel Armor |
| 5:30 | Healing Salve |
| 5:30 | Healing Salve |
| 5:30 | Healing Salve |
| 6:00 | Orc Burrow |
| 6:31 | Steel Melee Weapons |
| 7:04 | Grunt |
| 7:07 | Endurance Aura |
| 8:34 | Beastiary |
| 8:39 | Healing Wave |
| 9:31 | War Stomp |
| 9:44 | Wind Rider |
| 9:44 | Wind Rider |
| 9:44 | Wind Rider |
| 10:05 | Serpent Ward |
| 10:42 | Orc Burrow |
| 10:45 | Fortress |
| 11:37 | Serpent Ward |
| 11:56 | Wind Rider |
| 11:56 | Wind Rider |
| 11:56 | Wind Rider |
| 11:58 | Thorium Armor |
| 13:14 | Grunt |
| 13:14 | Grunt |
| 13:14 | Grunt |
| 13:19 | Healing Salve |
| 13:19 | Healing Salve |
| 13:35 | Troll Regeneration |
| 13:38 | Berserker Upgrade |
| 14:10 | Chain Lighting |
| 15:07 | Wind Rider |
| 15:07 | Wind Rider |
| 15:10 | Steel Ranged Weapons |
| 15:10 | Thorium Ranged Weapons |
| 15:45 | Endurance Aura |
| 16:58 | Feral Spirit |
| 17:12 | Healing Wave |
| 18:50 | Wind Rider |
| 18:50 | Wind Rider |
| 18:50 | Wind Rider |
| 18:52 | Grunt |
| 18:52 | Grunt |
| 18:52 | Grunt |
| 18:53 | Grunt |
| 19:09 | Arcanite Armor |
| 19:18 | Raider |
| 20:20 | Berserker Strength |
| 20:29 | Orc Burrow |
| 21:22 | Feral Spirit |
| 21:48 | Reincarnation |
| 22:18 | Healing Wave |
| 22:42 | Raider |
| 22:42 | Raider |
| 22:46 | Arcanite Ranged Weapons |
| 22:49 | Thorium Melee Weapons |
| 23:15 | Envenomed Spears |
| 24:20 | Ensnare |
| 24:25 | Grunt |
| 24:25 | Grunt |
| 25:24 | Orb of Fire |
| 25:25 | Scroll of Regeneration |
| 25:36 | Arcanite Melee Weapons |
| 25:43 | Orc Burrow |
| 25:43 | Orc Burrow |
| 27:16 | Chain Lighting |
| 27:28 | Raider |
| 27:28 | Raider |
| 27:36 | Tauren Totem |
| 29:34 | War Stomp |
| 30:00 | Chain Lighting |
| 30:23 | Shockwave |
| 30:41 | Earth Quake |
| 30:49 | Tauren |
| 30:49 | Tauren |
| 30:49 | Tauren |
| 32:10 | Tauren |
| 32:10 | Tauren |
| 32:23 | Wind Rider |
| 32:23 | Wind Rider |
| 32:23 | Wind Rider |
| Right click | 1850 |
| Select | 575 |
| Build/train/purchase | 155 |
| Select group | 138 |
| Use ability | 63 |
| Assign group | 37 |
| Remove unit | 11 |
| Item give/drop | 2 |
| Minimap ping | 2 |

| Peasant | 10 | 750 | / | 0 |
| Footman | 10 | 1350 | / | 0 |
| Rifleman | 18 | 3690 | / | 540 |
| Gryphon Rider | 18 | 5040 | / | 1260 |
| Goblin Shredder | 1 | 375 | / | 100 |
| total: | 57 | 11205g | / | 1900w |
| Scout Tower | 14 | 420 | / | 280 |
| Guard Tower | 4 | 280 | / | 200 |
| Barracks | 1 | 160 | / | 60 |
| Altar of Kings | 2 | 360 | / | 100 |
| Farm | 6 | 480 | / | 120 |
| Blacksmith | 1 | 140 | / | 60 |
| Lumber Mill | 1 | 120 | / | 0 |
| Town Hall | 2 | 770 | / | 410 |
| Arcane Vault | 1 | 130 | / | 30 |
| Gryphon Aviary | 2 | 280 | / | 300 |
| Keep | 2 | 640 | / | 420 |
| Castle | 2 | 720 | / | 420 |
| total: | 30 | 2860g | / | 1360w |
| 0:08 | Barracks |
| 0:10 | Altar of Kings |
| 0:12 | Peasant |
| 0:27 | Farm |
| 0:35 | Peasant |
| 1:09 | Farm |
| 1:10 | Peasant |
| 1:11 | Peasant |
| 1:29 | Footman |
| 1:52 | Blacksmith |
| 2:00 | Footman |
| 2:26 | Footman |
| 2:30 | Footman |
| 3:00 | Lumber Mill |
| 3:16 | Holy Light |
| 3:32 | Keep |
| 4:06 | Farm |
| 4:09 | Farm |
| 4:11 | Farm |
| 4:11 | Farm |
| 4:56 | Devotion Aura |
| 5:03 | Rifleman |
| 5:04 | Rifleman |
| 5:08 | Rifleman |
| 5:09 | Rifleman |
| 5:27 | Black Gunpowder |
| 7:13 | Town Hall |
| 7:31 | Divine Shield |
| 7:46 | Studded Leather Armor |
| 8:41 | Goblin Shredder |
| 10:02 | Long Rifles |
| 10:05 | Refined Gunpowder |
| 10:07 | Rifleman |
| 10:07 | Rifleman |
| 10:08 | Rifleman |
| 10:41 | Scout Tower |
| 10:42 | Scout Tower |
| 10:42 | Scout Tower |
| 10:43 | Scout Tower |
| 10:44 | Scout Tower |
| 11:02 | Devotion Aura |
| 11:23 | Castle |
| 11:25 | Rifleman |
| 11:26 | Rifleman |
| 11:27 | Reinforced Leather Armor |
| 11:31 | Defend |
| 11:33 | Iron Forged Swords |
| 13:39 | Guard Tower |
| 13:43 | Arcane Vault |
| 13:46 | Imbued Gunpowder |
| 13:46 | Dragonhide Armor |
| 13:50 | Footman |
| 13:50 | Footman |
| 13:50 | Footman |
| 13:51 | Footman |
| 13:51 | Footman |
| 13:51 | Footman |
| 15:11 | Steel Forged Swords |
| 15:11 | Iron Plating |
| 16:08 | Devotion Aura |
| 18:31 | Rifleman |
| 18:31 | Rifleman |
| 18:32 | Rifleman |
| 18:32 | Rifleman |
| 18:32 | Rifleman |
| 18:32 | Rifleman |
| 18:32 | Rifleman |
| 18:32 | Rifleman |
| 18:32 | Rifleman |
| 18:49 | Mithril Forged Swords |
| 19:13 | Improved Lumber Harvesting |
| 19:14 | Improved Masonry |
| 19:57 | Backpack |
| 21:40 | Peasant |
| 22:07 | Altar of Kings |
| 22:15 | Peasant |
| 22:15 | Peasant |
| 22:18 | Peasant |
| 22:18 | Peasant |
| 22:19 | Peasant |
| 23:22 | Gryphon Aviary |
| 23:23 | Gryphon Aviary |
| 25:38 | Resurrection |
| 26:06 | Keep |
| 26:25 | Town Hall |
| 26:38 | Scout Tower |
| 26:38 | Scout Tower |
| 26:39 | Scout Tower |
| 26:40 | Scout Tower |
| 27:15 | Guard Tower |
| 27:54 | Holy Light |
| 28:16 | Guard Tower |
| 28:20 | Scout Tower |
| 28:21 | Scout Tower |
| 28:22 | Scout Tower |
| 28:23 | Scout Tower |
| 28:24 | Scout Tower |
| 28:36 | Castle |
| 29:45 | Divine Shield |
| 30:11 | Steel Plating |
| 31:10 | Guard Tower |
| 31:14 | Advanced Lumber Harvesting |
| 31:14 | Advanced Masonry |
| 31:17 | Storm Hammers |
| 31:19 | Gryphon Rider |
| 31:19 | Gryphon Rider |
| 31:20 | Gryphon Rider |
| 31:20 | Gryphon Rider |
| 31:20 | Gryphon Rider |
| 31:20 | Gryphon Rider |
| 31:20 | Gryphon Rider |
| 31:20 | Gryphon Rider |
| 31:20 | Gryphon Rider |
| 31:48 | Divine Shield |
| 32:04 | Gryphon Rider |
| 32:04 | Gryphon Rider |
| 32:04 | Gryphon Rider |
| 32:04 | Gryphon Rider |
| 32:04 | Gryphon Rider |
| 32:05 | Gryphon Rider |
| 32:05 | Gryphon Rider |
| 32:05 | Gryphon Rider |
| 32:05 | Gryphon Rider |
| Right click | 772 |
| Select group | 280 |
| Select | 222 |
| Build/train/purchase | 106 |
| Resource trade | 31 |
| Use ability | 25 |
| Assign group | 5 |
| Misc. action | 2 |
239 units @ 34.2k
/ 4.3k
105 buildings @ 12.4k
/ 5.4k



| Rod of Necromancy | 2 | 300 |
| Ritual Dagger | 1 | 125 |
| Potion of Mana | 3 | 600 |
| Potion of Healing | 1 | 150 |
| Scroll of Town Portal | 1 | 350 |
| Dust of Appearance | 1 | 75 |
| Potion of Lesser Invulnerability | 1 | 150 |
| total: | 10 | 1750g |
| Acolyte | 13 | 975 | / | 0 |
| Crypt Fiend | 11 | 2365 | / | 440 |
| Ghoul | 6 | 720 | / | 0 |
| Obsidian Statue | 7 | 1400 | / | 245 |
| Goblin Shredder | 1 | 375 | / | 100 |
| Forest Troll High Priest | 1 | 305 | / | 40 |
| total: | 39 | 6140g | / | 825w |
| Nerubian Tower | 2 | 200 | / | 40 |
| Spirit Tower | 2 | 290 | / | 80 |
| Ziggurat | 12 | 1800 | / | 600 |
| Altar of Darkness | 1 | 180 | / | 50 |
| Graveyard | 1 | 215 | / | 0 |
| Crypt | 1 | 200 | / | 50 |
| Tomb of Relics | 1 | 130 | / | 30 |
| Slaughterhouse | 3 | 420 | / | 405 |
| Halls of the Dead | 1 | 320 | / | 210 |
| Black Citadel | 2 | 650 | / | 460 |
| total: | 19 | 2945g | / | 1135w |
| 0:05 | Acolyte |
| 0:05 | Acolyte |
| 0:21 | Ziggurat |
| 0:26 | Altar of Darkness |
| 0:50 | Graveyard |
| 1:12 | Nerubian Tower |
| 1:18 | Crypt |
| 1:28 | Tomb of Relics |
| 1:46 | Ziggurat |
| 2:22 | Crypt Fiend |
| 2:26 | Death Coil |
| 2:33 | Crypt Fiend |
| 2:38 | Rod of Necromancy |
| 3:09 | Crypt Fiend |
| 3:40 | Crypt Fiend |
| 3:48 | Acolyte |
| 3:48 | Acolyte |
| 4:30 | Unholy Aura |
| 4:33 | Crypt Fiend |
| 4:36 | Acolyte |
| 4:36 | Acolyte |
| 5:01 | Ziggurat |
| 5:29 | Ziggurat |
| 5:35 | Rod of Necromancy |
| 5:35 | Ritual Dagger |
| 5:56 | Ghoul |
| 5:56 | Ghoul |
| 5:57 | Ghoul |
| 6:01 | Death Coil |
| 6:19 | Acolyte |
| 6:24 | Ziggurat |
| 6:41 | Ghoul |
| 7:37 | Ghoul |
| 7:37 | Ghoul |
| 7:57 | Halls of the Dead |
| 8:12 | Unholy Aura |
| 8:13 | Goblin Shredder |
| 8:29 | Crypt Fiend |
| 8:53 | Ziggurat |
| 8:53 | Ziggurat |
| 8:55 | Ziggurat |
| 9:03 | Creature Attack |
| 9:07 | Crypt Fiend |
| 9:56 | Spirit Tower |
| 9:57 | Nerubian Tower |
| 9:58 | Spirit Tower |
| 10:03 | Ziggurat |
| 10:07 | Creature Carapace |
| 10:55 | Black Citadel |
| 11:00 | Improved Creature Attack |
| 11:10 | Web |
| 11:21 | Death Coil |
| 11:39 | Forest Troll High Priest |
| 11:55 | Potion of Mana |
| 11:56 | Frost Nova |
| 12:06 | Improved Creature Carapace |
| 13:38 | Frost Armor |
| 13:50 | Potion of Lesser Invulnerability |
| 13:54 | Advanced Creature Attack |
| 13:54 | Advanced Creature Carapace |
| 14:04 | Slaughterhouse |
| 14:05 | Slaughterhouse |
| 14:06 | Slaughterhouse |
| 14:24 | Crypt Fiend |
| 14:24 | Crypt Fiend |
| 15:32 | Obsidian Statue |
| 15:33 | Obsidian Statue |
| 15:35 | Destroyer Form |
| 15:36 | Obsidian Statue |
| 15:36 | Obsidian Statue |
| 15:37 | Obsidian Statue |
| 15:37 | Obsidian Statue |
| 15:52 | Impale |
| 16:39 | Potion of Mana |
| 16:42 | Potion of Healing |
| 16:45 | Potion of Mana |
| 18:28 | Animate Dead |
| 19:12 | Acolyte |
| 19:21 | Frost Nova |
| 19:44 | Acolyte |
| 21:15 | Spiked Carapace |
| 21:17 | Frost Armor |
| 21:50 | Crypt Fiend |
| 21:51 | Crypt Fiend |
| 22:02 | Ziggurat |
| 22:02 | Ziggurat |
| 22:03 | Ziggurat |
| 22:11 | Scroll of Town Portal |
| 23:20 | Acolyte |
| 23:20 | Acolyte |
| 24:02 | Dust of Appearance |
| 25:18 | Acolyte |
| 25:18 | Acolyte |
| 26:11 | Obsidian Statue |
| 27:18 | Impale |
| Right click | 1843 |
| Select | 607 |
| Select group | 569 |
| Assign group | 235 |
| Build/train/purchase | 156 |
| Use ability | 69 |
| Item give/drop | 5 |
| Minimap ping | 5 |
| Misc. action | 2 |
| Remove unit | 1 |


| Peasant | 27 | 2025 | / | 0 |
| Footman | 13 | 1755 | / | 0 |
| Rifleman | 21 | 4305 | / | 630 |
| Priest | 5 | 675 | / | 50 |
| Mortar Team | 4 | 720 | / | 280 |
| Knight | 7 | 1715 | / | 420 |
| Siege Engine | 2 | 390 | / | 120 |
| total: | 79 | 11585g | / | 1500w |
| Scout Tower | 17 | 510 | / | 340 |
| Guard Tower | 7 | 490 | / | 350 |
| Arcane Tower | 1 | 70 | / | 50 |
| Barracks | 1 | 160 | / | 60 |
| Farm | 13 | 1040 | / | 260 |
| Altar of Kings | 1 | 180 | / | 50 |
| Lumber Mill | 1 | 120 | / | 0 |
| Blacksmith | 1 | 140 | / | 60 |
| Town Hall | 1 | 385 | / | 205 |
| Arcane Sanctum | 1 | 150 | / | 140 |
| Workshop | 1 | 140 | / | 140 |
| Keep | 1 | 320 | / | 210 |
| Castle | 1 | 360 | / | 210 |
| total: | 37 | 2825g | / | 1255w |
| 1:15 | Barracks |
| 1:20 | Farm |
| 1:22 | Peasant |
| 1:23 | Peasant |
| 1:36 | Peasant |
| 1:36 | Peasant |
| 2:07 | Altar of Kings |
| 2:42 | Lumber Mill |
| 2:48 | Footman |
| 2:57 | Peasant |
| 2:57 | Peasant |
| 2:57 | Peasant |
| 3:27 | Farm |
| 3:48 | Scout Tower |
| 4:05 | Footman |
| 4:06 | Footman |
| 4:06 | Footman |
| 4:11 | Farm |
| 4:14 | Peasant |
| 4:27 | Summon Water Elemental |
| 4:37 | Blacksmith |
| 4:54 | Scout Tower |
| 5:03 | Farm |
| 5:06 | Footman |
| 5:10 | Guard Tower |
| 5:54 | Rifleman |
| 5:54 | Rifleman |
| 6:00 | Black Gunpowder |
| 6:24 | Keep |
| 7:45 | Rifleman |
| 7:46 | Rifleman |
| 7:47 | Defend |
| 7:49 | Studded Leather Armor |
| 7:50 | Iron Plating |
| 7:53 | Improved Masonry |
| 8:59 | Farm |
| 9:27 | Brilliance Aura |
| 9:45 | Farm |
| 9:47 | Improved Lumber Harvesting |
| 9:51 | Iron Forged Swords |
| 9:58 | Rifleman |
| 9:59 | Footman |
| 10:25 | Peasant |
| 11:07 | Town Hall |
| 11:12 | Scout Tower |
| 11:16 | Farm |
| 11:42 | Farm |
| 11:45 | Guard Tower |
| 12:35 | Devotion Aura |
| 13:37 | Summon Water Elemental |
| 14:19 | Rifleman |
| 14:19 | Rifleman |
| 14:19 | Rifleman |
| 14:20 | Footman |
| 14:20 | Footman |
| 14:20 | Footman |
| 14:20 | Footman |
| 14:26 | Refined Gunpowder |
| 14:35 | Peasant |
| 14:36 | Peasant |
| 15:20 | Peasant |
| 15:20 | Peasant |
| 15:21 | Peasant |
| 15:21 | Peasant |
| 15:31 | Peasant |
| 15:32 | Peasant |
| 15:33 | Peasant |
| 15:37 | Long Rifles |
| 15:39 | Footman |
| 15:40 | Rifleman |
| 15:45 | Guard Tower |
| 15:49 | Steel Plating |
| 16:05 | Arcane Sanctum |
| 16:43 | Rifleman |
| 16:43 | Rifleman |
| 16:43 | Rifleman |
| 16:56 | Scout Tower |
| 17:04 | Workshop |
| 17:19 | Peasant |
| 17:20 | Peasant |
| 17:20 | Peasant |
| 17:36 | Reinforced Leather Armor |
| 17:45 | Priest |
| 18:10 | Peasant |
| 18:11 | Peasant |
| 18:11 | Peasant |
| 18:23 | Priest |
| 18:23 | Priest |
| 18:30 | Guard Tower |
| 18:49 | Footman |
| 18:57 | Peasant |
| 18:57 | Peasant |
| 19:16 | Priest Adept Training |
| 21:51 | Rifleman |
| 21:51 | Rifleman |
| 21:55 | Priest |
| 21:55 | Priest |
| 21:57 | Footman |
| 21:58 | Rifleman |
| 22:05 | Castle |
| 22:08 | Steel Forged Swords |
| 22:09 | Mortar Team |
| 22:16 | Divine Shield |
| 22:39 | Mortar Team |
| 22:51 | Peasant |
| 25:19 | Animal War Training |
| 25:30 | Farm |
| 25:33 | Farm |
| 25:34 | Farm |
| 25:38 | Farm |
| 25:44 | Scout Tower |
| 25:53 | Scout Tower |
| 25:59 | Scout Tower |
| 26:02 | Sundering Blades |
| 26:03 | Knight |
| 26:03 | Knight |
| 26:03 | Knight |
| 26:03 | Knight |
| 26:04 | Knight |
| 26:04 | Knight |
| 26:04 | Knight |
| 26:11 | Scout Tower |
| 26:39 | Guard Tower |
| 26:47 | Scout Tower |
| 26:50 | Scout Tower |
| 26:51 | Scout Tower |
| 26:57 | Scout Tower |
| 27:05 | Scout Tower |
| 27:10 | Siege Engine |
| 27:11 | Barrage |
| 27:32 | Farm |
| 27:42 | Guard Tower |
| 27:49 | Scout Tower |
| 27:57 | Scout Tower |
| 28:04 | Scout Tower |
| 28:40 | Rifleman |
| 28:40 | Rifleman |
| 28:54 | Scout Tower |
| 29:39 | Unholy Aura |
| 30:15 | Rifleman |
| 30:16 | Rifleman |
| 30:16 | Rifleman |
| 30:16 | Rifleman |
| 30:28 | Mortar Team |
| 30:28 | Mortar Team |
| 30:29 | Siege Engine |
| 30:36 | Arcane Tower |
| 31:40 | Guard Tower |
| Select | 233 |
| Misc. action | 151 |
| Build/train/purchase | 130 |
| Use ability | 13 |
| Esc | 12 |
| Resource trade | 10 |
| Right click | 7 |
| Minimap ping | 5 |
| Remove unit | 2 |

| Wisp | 22 | 1320 | / | 0 |
| Archer | 17 | 2210 | / | 170 |
| Huntress | 13 | 2535 | / | 260 |
| Chimaera | 6 | 1980 | / | 420 |
| Hippogryph | 4 | 640 | / | 80 |
| total: | 62 | 8685g | / | 930w |
| Ancient Protector | 13 | 1755 | / | 1040 |
| Ancient of War | 1 | 150 | / | 60 |
| Moon Well | 5 | 900 | / | 200 |
| Altar of Elders | 1 | 180 | / | 50 |
| Hunter's Hall | 2 | 420 | / | 200 |
| Ancient of Wind | 1 | 150 | / | 140 |
| Chimaera Roost | 2 | 280 | / | 380 |
| Tree of Ages | 1 | 320 | / | 180 |
| Tree of Eternity | 1 | 330 | / | 200 |
| total: | 25 | 3835g | / | 2070w |
| 0:05 | Wisp |
| 0:06 | Wisp |
| 0:17 | Ancient of War |
| 0:27 | Moon Well |
| 0:30 | Wisp |
| 0:43 | Altar of Elders |
| 0:49 | Wisp |
| 0:49 | Wisp |
| 0:51 | Wisp |
| 1:22 | Archer |
| 1:38 | Archer |
| 1:39 | Archer |
| 2:16 | Moon Well |
| 2:22 | Wisp |
| 3:15 | Archer |
| 3:15 | Archer |
| 3:17 | Archer |
| 3:19 | Tree of Ages |
| 3:25 | Moon Well |
| 3:44 | Force of Nature |
| 4:16 | Archer |
| 4:26 | Hunter's Hall |
| 4:39 | Hunter's Hall |
| 6:22 | Ancient Protector |
| 6:25 | Wisp |
| 6:26 | Wisp |
| 6:26 | Wisp |
| 6:27 | Wisp |
| 7:19 | Thorns Aura |
| 7:35 | Ancient Protector |
| 7:40 | Ancient Protector |
| 7:54 | Ancient Protector |
| 7:59 | Ancient Protector |
| 8:04 | Huntress |
| 8:05 | Huntress |
| 8:05 | Huntress |
| 8:06 | Huntress |
| 8:06 | Huntress |
| 8:13 | Strength of the Moon |
| 8:13 | Moon Armor |
| 9:18 | Wisp |
| 9:20 | Wisp |
| 9:26 | Improved Strength of the Moon |
| 10:05 | Moon Well |
| 10:12 | Moon Well |
| 10:22 | Improved Bows |
| 10:23 | Moon Glaive |
| 11:12 | Entangling Roots |
| 11:37 | Ancient Protector |
| 11:43 | Ancient Protector |
| 11:55 | Huntress |
| 11:56 | Huntress |
| 11:56 | Huntress |
| 11:57 | Huntress |
| 12:00 | Archer |
| 12:00 | Archer |
| 12:01 | Archer |
| 13:57 | Tree of Eternity |
| 14:36 | Archer |
| 14:36 | Archer |
| 14:36 | Archer |
| 14:36 | Archer |
| 17:28 | Force of Nature |
| 18:46 | Thorns Aura |
| 19:03 | Marksmanship |
| 19:05 | Wisp |
| 19:06 | Wisp |
| 19:34 | Advanced Strength of the Moon |
| 19:38 | Improved Moon Armor |
| 19:45 | Chimaera Roost |
| 19:56 | Chimaera Roost |
| 19:58 | Wisp |
| 20:01 | Huntress |
| 20:02 | Huntress |
| 20:02 | Huntress |
| 20:03 | Huntress |
| 20:27 | Ancient of Wind |
| 20:33 | Wisp |
| 21:49 | Ancient Protector |
| 22:04 | Corrosive Breath |
| 22:31 | Chimaera |
| 22:31 | Chimaera |
| 22:32 | Chimaera |
| 22:32 | Chimaera |
| 23:04 | Chimaera |
| 23:05 | Chimaera |
| 23:14 | Hippogryph |
| 23:14 | Hippogryph |
| 23:15 | Hippogryph |
| 23:18 | Hippogryph |
| 23:55 | Archer |
| 23:55 | Archer |
| 23:56 | Archer |
| 25:32 | Wisp |
| 25:32 | Wisp |
| 25:33 | Wisp |
| 25:33 | Wisp |
| 25:33 | Wisp |
| 26:32 | Ancient Protector |
| 26:36 | Ancient Protector |
| 26:40 | Ancient Protector |
| 26:45 | Ancient Protector |
| 26:51 | Ancient Protector |
| 27:24 | Advanced Moon Armor |
| 27:26 | Strength of the Wild |
| 27:28 | Reinforced Hides |
| 27:31 | Ultravision |
| Right click | 723 |
| Select | 233 |
| Build/train/purchase | 86 |
| Use ability | 19 |
| Select group | 9 |
| Assign group | 4 |
| Remove unit | 2 |


| Lesser Clarity Potion | 1 | 70 |
| Scroll of Healing | 1 | 250 |
| Scroll of Town Portal | 3 | 1050 |
| total: | 5 | 1370g |
| Peasant | 28 | 2100 | / | 0 |
| Knight | 12 | 2940 | / | 720 |
| Priest | 10 | 1350 | / | 100 |
| Sorceress | 9 | 1395 | / | 180 |
| total: | 59 | 7785g | / | 1000w |
| Altar of Kings | 1 | 180 | / | 50 |
| Farm | 15 | 1200 | / | 300 |
| Arcane Vault | 2 | 260 | / | 60 |
| Lumber Mill | 1 | 120 | / | 0 |
| Blacksmith | 1 | 140 | / | 60 |
| Barracks | 2 | 320 | / | 120 |
| Town Hall | 1 | 385 | / | 205 |
| Arcane Sanctum | 1 | 150 | / | 140 |
| Keep | 2 | 640 | / | 420 |
| Castle | 2 | 720 | / | 420 |
| total: | 24 | 2755g | / | 935w |
| 0:14 | Altar of Kings |
| 0:15 | Farm |
| 0:21 | Peasant |
| 0:23 | Peasant |
| 0:36 | Peasant |
| 0:49 | Peasant |
| 0:54 | Farm |
| 1:02 | Peasant |
| 1:25 | Peasant |
| 1:36 | Arcane Vault |
| 1:41 | Peasant |
| 1:41 | Peasant |
| 1:47 | Farm |
| 2:02 | Peasant |
| 2:16 | Summon Water Elemental |
| 2:34 | Peasant |
| 3:00 | Keep |
| 3:03 | Farm |
| 3:27 | Farm |
| 3:39 | Lumber Mill |
| 3:42 | Blacksmith |
| 3:53 | Lesser Clarity Potion |
| 4:17 | Farm |
| 4:59 | Farm |
| 5:22 | Castle |
| 5:26 | Barracks |
| 5:27 | Barracks |
| 5:29 | Arcane Sanctum |
| 5:51 | Brilliance Aura |
| 6:51 | Improved Lumber Harvesting |
| 6:55 | Sorceress Adept Training |
| 6:56 | Priest Adept Training |
| 7:01 | Holy Light |
| 8:18 | Summon Water Elemental |
| 8:42 | Knight |
| 8:44 | Sundering Blades |
| 8:45 | Animal War Training |
| 8:46 | Iron Forged Swords |
| 8:47 | Iron Plating |
| 8:48 | Sorceress Master Training |
| 9:02 | Scroll of Healing |
| 9:11 | Priest Master Training |
| 9:12 | Priest |
| 9:12 | Priest |
| 9:13 | Sorceress |
| 9:13 | Sorceress |
| 9:17 | Farm |
| 9:34 | Devotion Aura |
| 9:59 | Knight |
| 10:05 | Knight |
| 10:05 | Knight |
| 11:38 | Knight |
| 11:43 | Priest |
| 11:43 | Sorceress |
| 11:45 | Priest |
| 11:46 | Sorceress |
| 11:50 | Farm |
| 11:53 | Farm |
| 12:24 | Priest |
| 13:20 | Brilliance Aura |
| 13:28 | Holy Light |
| 14:37 | Knight |
| 14:40 | Sorceress |
| 14:40 | Priest |
| 14:50 | Steel Plating |
| 14:50 | Steel Forged Swords |
| 16:07 | Sorceress |
| 16:09 | Knight |
| 16:24 | Scroll of Town Portal |
| 18:50 | Peasant |
| 18:51 | Peasant |
| 18:51 | Peasant |
| 18:51 | Peasant |
| 18:51 | Peasant |
| 19:03 | Knight |
| 19:04 | Knight |
| 19:07 | Divine Shield |
| 19:31 | Priest |
| 20:20 | Scroll of Town Portal |
| 21:16 | Summon Water Elemental |
| 21:40 | Town Hall |
| 23:36 | Peasant |
| 23:37 | Peasant |
| 23:37 | Peasant |
| 23:47 | Farm |
| 23:48 | Farm |
| 23:54 | Farm |
| 24:00 | Peasant |
| 24:07 | Farm |
| 24:25 | Priest |
| 24:25 | Priest |
| 24:25 | Sorceress |
| 24:26 | Sorceress |
| 24:29 | Farm |
| 24:42 | Peasant |
| 24:43 | Peasant |
| 24:43 | Peasant |
| 24:46 | Peasant |
| 25:29 | Knight |
| 25:33 | Knight |
| 25:42 | Peasant |
| 25:54 | Knight |
| 26:02 | Sorceress |
| 26:17 | Mithril Forged Swords |
| 26:29 | Priest |
| 26:55 | Mithril Plating |
| 26:59 | Peasant |
| 26:59 | Peasant |
| 26:59 | Peasant |
| 27:10 | Peasant |
| 27:27 | Arcane Vault |
| 28:01 | Scroll of Town Portal |
| Right click | 1135 |
| Chat | 714 |
| Select | 519 |
| Assign group | 341 |
| Build/train/purchase | 159 |
| Select group | 123 |
| Minimap ping | 72 |
| Use ability | 32 |
| Misc. action | 6 |
| Item give/drop | 6 |
| Remove unit | 1 |
⇛